 Dungeon Crawl Stone Soup version 0.29-a0-317-gd16b76e6b1 (webtiles) character file.

Game seed: 14449207087746117169

319364 Dabor the Peltast (level 21, -5/159 (175) HPs)
             Began as a Gnoll Wanderer on Apr 1, 2022.
             Was the Champion of Qazlal.
             Killed from afar by a deep elf annihilator (15 damage)
             ... with a crystal spear
             ... on level 3 of the Elven Halls.
             The game lasted 01:35:37 (39500 turns).

Dabor the Peltast (Gnoll Wanderer)                 Turns: 39500, Time: 01:35:38

HP:   -5/159 (175)  AC: 55    Str: 19    XL:     21   Next: 47%
MP:   48/48         EV: 11    Int:  4    God:    Qazlal [******]
Gold: 2381          SH: 45    Dex: 25    Spells: 46/48 levels left

rFire   + . .      SeeInvis .   Z - +9 demon blade (vamp)
rCold   + + .      Faith    .   j - +8 tower shield {rC+}
rNeg    . . .      Spirit   .   B - +10 crystal plate armour of the Bull {Contam *Slow rElec rCorr}
rPois   .          Reflect  +   n - +2 helmet
rElec   +          Harm     .   V - +2 cloak
rCorr   +          Rampage  .   N - +2 pair of gloves {Str+3}
Will    ++...                   M - +2 pair of boots "Doogutont" {rElec Regen+ Dex+3 Slay+6}
Stlth   ..........              q - amulet of reflection
HPRegen 1.16/turn               t - ring of willpower
MPRegen 0.31/turn               k - ring of Oenomania {rF+ rC+ MP+9}

@: protected from physical damage, studying 3 skills, drained, repel missiles
A: fangs 1, strong nose, distributed training, iridescent scales 1, dopey 2
}: 2/15 runes: barnacled, gossamer
a: Renounce Religion, Upheaval, Elemental Force, Disaster Area


You were on level 3 of the Elven Halls.
You worshipped Qazlal.
Qazlal was exalted by your worship.
You visited 6 branches of the dungeon, and saw 34 of its levels.
You visited the Abyss 2 times.
You also visited: Sewer, Ossuary and Ice Cave.

You collected 4029 gold pieces.
You spent 1648 gold pieces at shops.

Inventory:

Hand Weapons
 S - the +7 war axe of Base {distort, rF+}
   (You found it on level 1 of the Spider Nest)

   It warps and distorts space around it, and may blink, banish, or inflict
   extra damage upon those it strikes.
   Unwielding it can cause banishment or high damage.
   rF:        It protects you from fire.
 Z - a +9 vampiric demon blade (weapon)
Missiles
 p - 6 poisoned darts
 L - 4 throwing nets
 Q - 3 silver javelins (quivered)
Armour
 j - a +8 tower shield of cold resistance (worn)
 l - the +1 plate armour of the Trilobite {+Blink Fly}
   (You bought it in a shop on level 10 of the Dungeon)

   Fly:       It grants you flight.
   +Blink:    It lets you blink.
 n - a +2 helmet (worn)
 B - the +10 crystal plate armour of the Bull (worn) {Contam *Slow rElec rCorr}
   (You found it in a sewer)

   rElec:     It insulates you from electricity.
   Contam:    It causes magical contamination when unequipped.
   rCorr:     It protects you from acid and corrosion.
   *Slow:     It may slow you when you take damage.
 F - the +9 scale mail "Vuedozul" {rC+}
   (You bought it in a shop on level 2 of the Orcish Mines)

   rC:        It protects you from cold.
 M - the +2 pair of boots "Doogutont" (worn) {rElec Regen+ Dex+3 Slay+6}
   (You found it in an ice cave)

   Dex:       It affects your dexterity (+3).
   Slay:      It affects your accuracy & damage with ranged weapons and melee
   (+6).
   rElec:     It insulates you from electricity.
   Regen:     It increases your rate of health regeneration.
 N - a +2 pair of gloves of strength (worn)
 V - a +2 cloak (worn)
Jewellery
 d - a ring of poison resistance
 k - the ring of Oenomania (right hand) {rF+ rC+ MP+9}
   (You found it on level 4 of the Shoals)

   [ring of magical power]

   rF:        It protects you from fire.
   rC:        It protects you from cold.
   MP:        It affects your magic capacity (+9).
 q - an amulet of reflection (around neck)
 t - a ring of willpower (left hand)
 y - a ring of positive energy
 A - a ring of see invisible
 X - an amulet of magic regeneration
 Y - a ring of ice
Wands
 a - a wand of flame (2)
 u - a wand of digging (2)
 K - a wand of charming (20)
 T - a wand of paralysis (6)
Scrolls
 e - a scroll of enchant armour
 h - 11 scrolls of fear
 r - 3 scrolls of blinking
 s - 11 scrolls of teleportation
 v - 3 scrolls of enchant weapon
 w - a scroll of holy word
 C - 7 scrolls of magic mapping
 D - 5 scrolls of silence
 H - 2 scrolls of summoning
 P - 4 scrolls of immolation
 R - 4 scrolls of fog
 W - a scroll of amnesia
Potions
 b - 4 potions of berserk rage
 c - 9 potions of might
 f - 2 potions of brilliance
 g - 4 potions of invisibility
 i - 4 potions of magic
 m - 7 potions of curing
 o - 8 potions of flight
 z - 4 potions of lignification
 E - 5 potions of ambrosia
 G - 3 potions of cancellation
 I - 2 potions of heal wounds
 J - 3 potions of resistance
 O - 2 potions of haste
 U - 6 potions of mutation


   Skills:
 + Level 17.4 Fighting
 + Level 14.4 Short Blades
 + Level 14.4 Long Blades
 + Level 14.4 Axes
 + Level 14.4 Maces & Flails
 + Level 15.1 Polearms
 + Level 14.4 Staves
 + Level 14.4 Slings
 + Level 14.4 Bows
 + Level 14.4 Crossbows
 + Level 14.4 Throwing
 + Level 17.4 Armour
 + Level 14.6 Dodging
 + Level 15.0 Stealth
 + Level 20.0 Shields
 + Level 14.4 Unarmed Combat
 + Level 14.4 Spellcasting
 + Level 12.3 Conjurations
 + Level 12.3 Hexes
 + Level 12.3 Summonings
 + Level 12.3 Necromancy
 + Level 12.3 Translocations
 + Level 12.3 Transmutations
 + Level 12.3 Fire Magic
 + Level 12.3 Ice Magic
 + Level 12.3 Air Magic
 + Level 12.3 Earth Magic
 + Level 12.3 Poison Magic
 + Level 15.8 Invocations
 + Level 14.4 Evocations


You had 46 spell levels left.
You knew the following spells:

 Your Spells              Type           Power      Damage    Failure   Level
a - Blink                 Tloc           24%        N/A       12%         2

Your spell library contained the following spells:

 Spells                   Type           Power      Damage    Failure   Level
 Sandblast                Erth           24%        2d8       9%          1
 Slow                     Hex            48%        N/A       9%          1
 Sting                    Tmut/Pois      48%        1d5       9%          1
 Ensorcelled Hibernation  Hex/Ice        24%        N/A       12%         2
 Poisonous Vapours        Pois/Air       24%        N/A       12%         2
 Static Discharge         Conj/Air       12%        N/A       12%         2
 Confusing Touch          Hex            12%        N/A       24%         3
 Dazzling Flash           Conj/Hex       24%        N/A       24%         3
 Gell's Gravitas          Tloc           12%        N/A       24%         3
 Lesser Beckoning         Tloc           12%        N/A       24%         3
 Spider Form              Tmut/Pois      12%        N/A       24%         3
 Stone Arrow              Conj/Erth      24%        3d8       24%         3
 Teleport Other           Tloc           12%        N/A       24%         3
 Tukima's Dance           Hex            12%        N/A       24%         3
 Vampiric Draining        Necr           12%        2d6       24%         3
 Anguish                  Hex/Necr       6%         N/A       63%         4
 Animate Armour           Summ/Erth      24%        N/A       63%         4
 Olgreb's Toxic Radiance  Pois           12%        N/A       63%         4
 Passage of Golubria      Tloc           12%        N/A       63%         4
 Agony                    Necr           12%        N/A       92%         5
 Lee's Rapid Deconstruct  Erth           6%         3d7*      92%         5
 Lightning Bolt           Conj/Air       6%         1d18      92%         5
 Manifold Assault         Tloc           12%        N/A       92%         5
 Silence                  Hex/Air        6%         N/A       92%         5
 Summon Forest            Summ/Tloc      6%         N/A       92%         5
 Eringya's Noxious Bog    Tmut/Pois      6%         N/A       100%        6
 Statue Form              Tmut/Erth      8%         N/A       100%        6
 Enfeeble                 Hex            6%         N/A       100%        7
 Ozocubu's Refrigeration  Ice            6%         4d6       100%        7
 Storm Form               Tmut/Air       6%         N/A       100%        7
 Summon Hydra             Summ           6%         N/A       100%        7
 Ignition                 Fire           6%         3d4       100%        8
 Lehudib's Crystal Spear  Conj/Erth      6%         10d3      100%        8
 Maxwell's Capacitive Co  Air            6%         ∞         100%        8


Dungeon Overview and Level Annotations

Branches:
Dungeon (15/15)            Temple (0/1) D:4            Lair (6/6) D:11
 Shoals (4/4) Lair:4       Spider (4/4) Lair:2        Slime (0/5) Lair:6
    Orc (2/2) D:12            Elf (3/3) Orc:2        Vaults (0/5) D:13
 Depths (0/4) D:15          Sewer (visited)         Ossuary (visited)
  IceCv (visited)

Altars:
Elyvilon
Qazlal
Vehumet
Xom
Yredelemnul
Beogh
Jiyva

Shops:
D:10 *   Orc:2 [:*(   Elf:1 [:==   Shoals:2 *

Annotations:
Elf:1 1 runed translucent door


Innate Abilities, Weirdness & Mutations

You have very sharp teeth.
Your uncanny sense of smell can sniff out nearby items.
Your experience applies equally to all skills.
You are partially covered in iridescent scales. (AC +2)
You are very dopey. (Int -4)


Message History

Your body is wracked with pain!
The deep elf elementalist convulses!
The deep elf demonologist convulses! x4; The deep elf annihilator convulses!
The deep elf high priest convulses!
The deep elf master archer is engulfed in freezing vapours.
The deep elf master archer shoots an arrow.
You reflect the arrow off an invisible shield around you!
The arrow hits the deep elf master archer!!
The arrow freezes the deep elf master archer.
The lost soul assumes the form of the deep elf master archer and becomes anchored to this world!
You slash the ghostly deep elf death mage!
The ghostly deep elf death mage is almost destroyed.
The deep elf knight casts a spell.
The deep elf knight flickers and vanishes!
Deactivating autopickup; reactivate with Ctrl-A.
The deep elf elementalist is engulfed in freezing vapours.
The deep elf elementalist casts a spell at the earth elemental.
Some walls begin to move on their own!
The Tzitzimitl gestures at you. The bolt of negative energy hits you!
You feel drained.
The ghostly deep elf master archer is engulfed in freezing vapours.
The ghostly deep elf master archer shoots an arrow.
You reflect the arrow off an invisible shield around you!
The arrow hits the ghostly deep elf master archer!!!
The arrow freezes the ghostly deep elf master archer!
The ghostly deep elf death mage casts a spell at you.
The bolt of negative energy hits you!!!
You feel drained.
* * * LOW HITPOINT WARNING * * *
The bolt of negative energy hits the sixfirhy.
The sixfirhy completely resists.
The bolt of negative energy hits the earth elemental.
The earth elemental completely resists.
The deep elf demonologist mumbles some strange words.
The tormentor calls on the powers of darkness!
The deep elf demonologist convulses!
Your body is wracked with pain!
* * * LOW HITPOINT WARNING * * *
The deep elf elementalist convulses!
The deep elf demonologist convulses! x4
Something is bathed in an unholy light!
The deep elf high priest convulses!
The deep elf annihilator casts a spell at you.
The crystal spear hits you!
You die...

##§E§§§#E##..######
#((((.# ##.#∆
#.4§..## ###∆∆
#4Ee1#.# ∆
##E.eEE{# ∆∆∆
#.{e2E2# ∆∆∆∆
#.12eee# #○e21e4#
#E3@eE.# #§§.EEE#
#..§§.## ###e###
#...# ##...##
#.....# ##.).##
#..)#


You could see a Tzitzimitl (summoned), a Brimstone Fiend (summoned), an Ice
Fiend (summoned), a balrug (summoned), a ghostly deep elf master archer, a green
death (summoned), a deep elf annihilator (empowered), a ghostly deep elf death
mage (empowered), a deep elf elementalist (fast, empowered, repels missiles), a
shadow demon (summoned), 5 deep elf demonologists, a deep elf high priest
(brilliance aura), 10 earth elementals, a hellwing (summoned), a sixfirhy
(summoned), a tormentor (summoned), a chaos spawn (summoned) and a red devil
(summoned).

Vanquished Creatures
  Nikola (Spider:1)
  Arachne (Spider:4)
  Mlioglotl (Shoals:1)
  Jorgrun (Orc:1)
  An Ice Fiend (IceCv)
  Asterion (Elf:2)
  3 deep elf blademasters
  A deep elf master archer (Elf:3)
  3 tentacled starspawn
  The ghost of Jeyness the Slayer, an adept HOFi of Hepliaklqana (D:14)
  A sphinx (D:14)
  Roxanne (Shoals:2)
  Kirke (Spider:1)
  A frost giant (Shoals:4)
  Ilsuiw (Shoals:2)
  7 deep elf sorcerers
  Louise (D:15)
  A cacodemon (Abyss:3)
  An orc warlord (Orc:2)
  6 ghost moths
  5 emperor scorpions
  5 deep elf elementalists (Elf:3)
  The ghost of Seanesix the Basher, a journeyman TrFi of Ashenzari (D:14)
  2 broodmothers
  A very ugly thing (D:14)
  A dire elephant (Lair:6)
  3 deep elf demonologists (Elf:3)
  The ghost of P0WERM0DE the Grappler, a journeyman TrCK of Cheibriados (D:13)
  7 deep elf annihilators (Elf:3)
  3 spark wasps
  5 entropy weavers
  2 deep elf death magi (Elf:3)
  The ghost of Viuvacup the Cleaver, a journeyman GrFi of the Shining One (D:14)
  An ettin (D:14)
  The ghost of Cyateurch the Geomancer, a journeyman GrEE of Qazlal (D:14)
  6 merfolk javelineers
  A blizzard demon (Abyss:2)
  2 merfolk impalers (Shoals:4)
  Josephine (Lair:5)
  The ghost of Skull the Cleaver, a journeyman MiFi of Trog (Lair:1)
  Fannar (Orc:1)
  2 deep elf high priests
  Harold (D:15)
  The ghost of fly the Quickloader, a journeyman KoHu of Fedhas (D:12)
  2 vault guards (D:13)
  The ghost of raistware the Frost Mage, a journeyman HuIE of Hepliaklqana (D:14)
  3 rakshasas
  The ghost of Tioph the Thaumaturge, a journeyman DEFE of Vehumet (D:14)
  The ghost of Atuhevva the Thaumaturge, a journeyman DEFE of Vehumet (D:14)
  3 catoblepae
  3 ghost crabs (Lair:3)
  10 hydras
  Erica (Lair:2)
  12 boulder beetles
  4 two-headed ogres
  4 jorogumos
  2 alligator snapping turtles (Shoals:4)
  9 centaur warriors
  5 merfolk aquamancers
  3 merfolk avatars
  27 dancing weapons
  Urug (Lair:5)
  6 radroaches
  14 death yaks
  4 satyrs
  2 death scarabs
  An alligator (shapeshifter) (D:14)
  2 orc high priests (Orc:2)
  4 thrashing horrors
  2 hell knights
  3 wretched stars (Abyss:2)
  16 deep elf knights
  6 pharaoh ants
  17 sea snakes
  6 fire crabs (Lair:3)
  2 sixfirhies (Abyss:2)
  10 skeletal warriors
  A glowing orange brain (D:14)
  5 steelbarb worms
  4 spriggan simulacra (IceCv)
  A bog body (IceCv)
  16 orb spiders
  16 deep elf archers
  A lindwurm (Lair:6)
  A wizard (D:13)
  An orange crystal statue (D:15)
  4 orc knights (Orc:2)
  2 obsidian statues
  10 harpies
  3 necromancers (D:13)
  28 deep elf zephyrmancers
  34 deep elf pyromancers
  6 orc sorcerers (Orc:2)
  2 cyclopes
  26 wolf spiders
  17 ugly things
  12 fauns
  17 manticores
  2 spectral centaurs (D:13)
  10 black mambas
  14 elephants
  2 apocalypse crabs
  4 moths of wrath
  5 water nymphs
  2 guardian serpents
  14 merfolk sirens
  A smoke demon (Abyss:2)
  18 cane toads
  A gargoyle (D:12)
  10 torpor snails
  13 komodo dragons
  3 kobold demonologists (D:14)
  4 unseen horrors
  2 efreet
  An orange demon (Abyss:2)
  10 demonic crawlers
  9 ice devils (IceCv)
  3 anaconda simulacra (IceCv)
  5 rime drakes
  5 freezing wraiths
  7 entropy weaver simulacra (IceCv)
  5 trolls
  2 yaktaurs (D:14)
  A tengu conjurer (D:11)
  A golden dragon simulacrum (IceCv)
  10 wind drakes
  An ancient zyme (Abyss:3)
  11 merfolk
  6 meliai
  A polar bear (shapeshifter) (Elf:2)
  3 raiju (Abyss:3)
  6 hornets
  A polar bear (Lair:2)
  53 tarantellas
  10 dream sheep
  9 slime creatures
  19 blink frogs
  The ghost of Dabor the Shield-Bearer, an amateur GrFi of Kikubaaqudgha (D:4)
  12 large abominations
  32 jumping spiders
  3 centaur simulacra
  3 air elementals (Elf:1)
  6 snapping turtles
  2 vampires
  23 culicivoras
  12 spriggans (Lair:5)
  2 shadows (D:11)
  8 wraiths
  3 fire elementals
  4 dire elephant simulacra (IceCv)
  7 water elementals
  16 wyverns
  18 humans (D:13)
  42 yaks
  3 ynoxinuls
  5 basilisks
  69 redbacks
  A steam dragon (D:8)
  3 neqoxecs
  7 minotaur simulacra (IceCv)
  2 chaos spawn
  A harpy simulacrum (IceCv)
  3 wargs
  28 water moccasins
  A hydra simulacrum (IceCv)
  3 small abominations
  2 ice beasts
  A meliai simulacrum (D:13)
  6 ogres
  2 alligator simulacra (IceCv)
  20 orc warriors
  4 sky beasts
  An ettin simulacrum (IceCv)
  7 black bears
  33 wolves
  3 boggarts (Lair:5)
  14 centaurs
  A phantom (D:5)
  2 elf zombies (Ossuary)
  8 kobold brigands (D:14)
  Blork the orc (D:4)
  2 necrophages
  16 bullfrogs
  4 gnoll sergeants
  6 scorpions
  6 deep troll simulacra (IceCv)
  2 earth elementals (Elf:1)
  11 wights
  A hornet simulacrum (D:13)
  2 lindwurm simulacra (IceCv)
  9 killer bees
  4 howler monkeys
  2 electric eels
  3 centaur zombies
  4 jellies
  3 iron imps (D:14)
  16 orc priests
  A gnoll shaman (D:8)
  7 hounds
  2 iguanas
  18 orc wizards
  A hell rat (Lair:5)
  4 mummies
  19 gnolls
  10 adders
  2 hound simulacra (D:4)
  4 shadow imps
  A white imp (Abyss:2)
  A howler monkey simulacrum (D:4)
  2 ufetubi
  5 adder zombies (Ossuary)
  8 worms
  2 dart slugs
  2 adder simulacra (D:4)
  72 orcs
  17 ball pythons
  8 endoplasms
  11 giant cockroaches
  3 gnoll zombies (Ossuary)
  5 goblins
  8 hobgoblins
  2 jackals (D:3)
  17 kobolds
  17 quokkas
  10 bats
  10 frilled lizards
  5 goblin zombies
  4 hobgoblin zombies (Ossuary)
  5 jackal zombies (Ossuary)
  6 kobold zombies (Ossuary)
  2 orc zombies
  5 quokka zombies (Ossuary)
  8 rats
  2 bushes (D:14)
  2 starspawn tentacles
1592 creatures vanquished.

Vanquished Creatures (collateral kills)
  The ghost of Tioph the Thaumaturge, a journeyman DEFE of Vehumet (D:14)
  A centaur warrior (D:14)
  A killer bee (D:9)
3 creatures vanquished.

Vanquished Creatures (others)
  Polyphemus (Shoals:4)
  An entropy weaver (Lair:3)
  2 deep elf knights (Elf:1)
  A deep elf zephyrmancer (Elf:2)
  A manticore (Shoals:4)
  A shadow (D:11)
  3 humans (Spider:1)
  A redback (Spider:3)
  A large abomination (Abyss:2)
  An orc warrior (Orc:1)
  An orc (Orc:2)
  2 bushes
  59 fungi
  141 plants
  14 starspawn tentacles
230 creatures vanquished.

Grand Total: 1825 creatures vanquished

Notes
Turn   | Place    | Note
-------+----------+-------------------------------------------
     0 | D:1      | Dabor the Gnoll Wanderer began the quest for the Orb.
     0 | D:1      | Dabor set off with the following items: a +0 dagger, 2
                  | atropa-tipped darts, a datura-tipped dart, a +0 spear, a +0
                  | buckler, a scroll of blinking, a +0 leather armour
     0 | D:1      | Reached XP level 1. HP: 17/17 MP: 2/2
   173 | D:1      | Reached XP level 2. HP: 23/23 MP: 3/3
   288 | D:1      | Found a faded altar of an unknown god.
   314 | D:1      | Prayed at the altar of an unknown god.
   314 | D:1      | Became a worshipper of Qazlal Stormbringer
   314 | D:1      | Reached * piety under Qazlal
   729 | D:1      | Reached XP level 3. HP: 9/28 MP: 4/4
  1406 | D:2      | Found a basalt altar of Yredelemnul.
  1585 | D:2      | Reached skill level 1 in Short Blades
  1585 | D:2      | Reached skill level 1 in Long Blades
  1585 | D:2      | Reached skill level 1 in Axes
  1585 | D:2      | Reached skill level 1 in Maces & Flails
  1585 | D:2      | Reached skill level 1 in Staves
  1585 | D:2      | Reached skill level 1 in Slings
  1585 | D:2      | Reached skill level 1 in Bows
  1585 | D:2      | Reached skill level 1 in Crossbows
  1585 | D:2      | Reached skill level 1 in Throwing
  1585 | D:2      | Reached skill level 1 in Unarmed Combat
  1585 | D:2      | Reached skill level 1 in Spellcasting
  1585 | D:2      | Reached skill level 1 in Evocations
  1742 | D:2      | Reached XP level 4. HP: 21/34 MP: 6/6
  2192 | D:2      | Reached ** piety under Qazlal
  2449 | D:3      | Reached skill level 1 in Conjurations
  2449 | D:3      | Reached skill level 1 in Hexes
  2449 | D:3      | Reached skill level 1 in Summonings
  2449 | D:3      | Reached skill level 1 in Necromancy
  2449 | D:3      | Reached skill level 1 in Translocations
  2449 | D:3      | Reached skill level 1 in Transmutations
  2449 | D:3      | Reached skill level 1 in Fire Magic
  2449 | D:3      | Reached skill level 1 in Ice Magic
  2449 | D:3      | Reached skill level 1 in Air Magic
  2449 | D:3      | Reached skill level 1 in Earth Magic
  2449 | D:3      | Reached skill level 1 in Poison Magic
  2452 | D:3      | Identified a scroll of acquirement
  2454 | D:3      | Acquired a manual of Shields
  2701 | D:3      | Reached XP level 5. HP: 37/40 MP: 7/7
  2720 | D:3      | Noticed a black bear
  2728 | D:3      | Killed a black bear
  2729 | D:3      | Reached skill level 3 in Shields
  2879 | D:3      | Reached XP level 6. HP: 39/47 MP: 8/8
  3434 | D:4      | Found a glowing drain.
  3446 | D:4      | Reached *** piety under Qazlal
  3466 | Sewer    | Entered a sewer
  3926 | Sewer    | Reached skill level 5 in Polearms
  3926 | Sewer    | Reached skill level 5 in Armour
  4279 | Sewer    | Identified the +10 crystal plate armour of the Bull {Contam
                  | *Slow rElec rCorr}
  4320 | D:4      | Noticed a sky beast
  4341 | D:4      | Killed a sky beast
  4342 | D:4      | Reached skill level 4 in Shields
  4342 | D:4      | Reached XP level 7. HP: 43/52 MP: 3/10
  4448 | D:4      | Found a runed translucent gate.
  4448 | D:4      | Found a runed translucent gate.
  4448 | D:4      | Found a runed translucent gate.
  4475 | D:4      | Reached **** piety under Qazlal
  4568 | D:4      | Found a staircase to the Ecumenical Temple.
  4595 | D:4      | Noticed Blork the orc
  4614 | D:4      | Killed Blork the orc
  4645 | D:4      | Reached skill level 5 in Stealth
  5079 | D:4      | Noticed Dabor's ghost (amateur GrFi)
  5260 | D:4      | Killed Dabor's ghost
  5261 | D:4      | Reached skill level 5 in Shields
  5261 | D:4      | Reached XP level 8. HP: 39/60 MP: 12/12
  5313 | D:4      | Identified the ring "Jickoz" {Fire Stlth+}
  5383 | D:5      | Entered Level 5 of the Dungeon
  6178 | D:6      | Noticed a yak
  6182 | D:6      | Noticed a yak
  6182 | D:6      | Noticed a yak
  6195 | D:5      | Killed a yak
  6196 | D:5      | Reached skill level 6 in Shields
  6196 | D:5      | Reached skill level 5 in Invocations
  6196 | D:5      | Reached XP level 9. HP: 59/66 MP: 14/14
  6817 | D:6      | Reached skill level 5 in Fighting
  6817 | D:6      | Reached skill level 5 in Dodging
  7406 | D:6      | Reached skill level 7 in Shields
  7690 | D:6      | Reached XP level 10. HP: 73/74 MP: 17/17
  7906 | D:7      | Reached ***** piety under Qazlal
  7907 | D:7      | Reached skill level 5 in Short Blades
  7907 | D:7      | Reached skill level 5 in Long Blades
  7907 | D:7      | Reached skill level 5 in Axes
  7907 | D:7      | Reached skill level 5 in Maces & Flails
  7907 | D:7      | Reached skill level 5 in Staves
  7907 | D:7      | Reached skill level 5 in Slings
  7907 | D:7      | Reached skill level 5 in Bows
  7907 | D:7      | Reached skill level 5 in Crossbows
  7907 | D:7      | Reached skill level 5 in Throwing
  7907 | D:7      | Reached skill level 5 in Unarmed Combat
  7907 | D:7      | Reached skill level 5 in Spellcasting
  7907 | D:7      | Reached skill level 5 in Evocations
  7956 | D:7      | Found a sand-covered staircase.
  7964 | Ossuary  | Entered an ossuary
  8796 | D:8      | Reached skill level 8 in Shields
  9573 | D:9      | Noticed a two-headed ogre
  9596 | D:9      | Killed a two-headed ogre
  9968 | D:9      | Noticed a boulder beetle
  9983 | D:9      | Killed a boulder beetle
  9984 | D:9      | Reached XP level 11. HP: 83/83 MP: 19/19
 10024 | D:9      | Reached ****** piety under Qazlal
 10101 | D:9      | Found a stormy altar of Qazlal.
 10400 | D:10     | Entered Level 10 of the Dungeon
 10432 | D:10     | Reached skill level 9 in Shields
 10442 | D:10     | Reached skill level 5 in Conjurations
 10442 | D:10     | Reached skill level 5 in Hexes
 10442 | D:10     | Reached skill level 5 in Summonings
 10442 | D:10     | Reached skill level 5 in Necromancy
 10442 | D:10     | Reached skill level 5 in Translocations
 10442 | D:10     | Reached skill level 5 in Transmutations
 10442 | D:10     | Reached skill level 5 in Fire Magic
 10442 | D:10     | Reached skill level 5 in Ice Magic
 10442 | D:10     | Reached skill level 5 in Air Magic
 10442 | D:10     | Reached skill level 5 in Earth Magic
 10442 | D:10     | Reached skill level 5 in Poison Magic
 11113 | D:10     | Identified the +1 robe "Ocuupsu" {rC+}
 11179 | D:10     | Found Vuarphim's Assorted Antiques.
 11392 | D:10     | Identified the +5 rapier of Rerukolur {vamp, rC++ Str+3
                  | Int-3}
 11576 | D:11     | Noticed a centaur warrior
 11586 | D:11     | Killed a centaur warrior
 11768 | D:11     | Found a staircase to the Lair.
 11768 | D:11     | Noticed a centaur warrior
 11779 | D:11     | Noticed a four-headed hydra
 11789 | D:11     | Killed a four-headed hydra
 11794 | D:11     | Noticed a manticore
 11795 | D:11     | Killed a centaur warrior
 11830 | D:11     | Killed a manticore
 11831 | D:11     | Reached skill level 10 in Shields
 12033 | D:11     | Found a runed translucent door.
 12097 | D:11     | Reached XP level 12. HP: 91/91 MP: 22/22
 12251 | D:11     | Noticed a centaur warrior
 12252 | D:11     | Noticed a two-headed ogre
 12252 | D:11     | Noticed a centaur warrior
 12261 | D:11     | Killed a centaur warrior
 12273 | D:11     | Killed a two-headed ogre
 12280 | D:11     | Killed a centaur warrior
 12751 | D:12     | Noticed a boulder beetle
 12762 | D:12     | Killed a boulder beetle
 12815 | Lair:1   | Entered Level 1 of the Lair of Beasts
 13030 | Lair:1   | Found a large runed translucent door.
 13030 | Lair:1   | Found a large runed translucent door.
 13032 | Lair:1   | Noticed Skull's ghost (journeyman MiFi)
 14049 | Lair:1   | Killed Skull's ghost
 14222 | Lair:2   | Reached skill level 11 in Shields
 14326 | Lair:2   | Noticed Erica
 14339 | Lair:2   | Killed Erica
 14417 | Lair:2   | Found a hole to the Spider Nest.
 14785 | Lair:2   | Reached XP level 13. HP: 98/98 MP: 24/24
 15196 | Lair:3   | Found a runed translucent door.
 15235 | Lair:3   | Noticed an entropy weaver
 15239 | Lair:3   | Killed an entropy weaver
 15414 | Lair:3   | Noticed an entropy weaver
 15429 | Lair:3   | Killed an entropy weaver
 15562 | Lair:3   | Noticed an entropy weaver
 15571 | Lair:3   | Killed an entropy weaver
 15598 | Lair:3   | Reached skill level 12 in Shields
 16828 | Lair:4   | Reached skill level 10 in Invocations
 16830 | Lair:4   | Reached skill level 10 in Polearms
 16830 | Lair:4   | Reached skill level 10 in Armour
 16830 | Lair:4   | Reached XP level 14. HP: 108/108 MP: 26/26
 16917 | Lair:4   | Reached skill level 10 in Stealth
 17300 | Lair:4   | Reached skill level 13 in Shields
 17306 | Lair:4   | You fall into a shaft and drop 2 floors!
 17306 | Lair:6   | Entered Level 6 of the Lair of Beasts
 17328 | Lair:6   | Noticed Josephine
 17544 | Lair:5   | Noticed Urug
 17557 | Lair:5   | Killed Urug
 18205 | Lair:5   | Reached skill level 10 in Fighting
 18205 | Lair:5   | Reached skill level 10 in Dodging
 18672 | Lair:4   | Found a staircase to the Shoals.
 18880 | Lair:4   | Found the +3 pair of seven-league boots {Rampage+∞}
 19376 | Lair:5   | Killed Josephine
 19380 | Lair:5   | Reached XP level 15. HP: 85/115 MP: 28/28
 19501 | Lair:6   | Found a staircase to the Slime Pits.
 19501 | Lair:6   | Found a viscous altar of Jiyva.
 19814 | Lair:6   | Reached skill level 14 in Shields
 19834 | Lair:6   | Reached skill level 10 in Short Blades
 19834 | Lair:6   | Reached skill level 10 in Long Blades
 19834 | Lair:6   | Reached skill level 10 in Axes
 19834 | Lair:6   | Reached skill level 10 in Maces & Flails
 19834 | Lair:6   | Reached skill level 10 in Staves
 19834 | Lair:6   | Reached skill level 10 in Slings
 19834 | Lair:6   | Reached skill level 10 in Bows
 19834 | Lair:6   | Reached skill level 10 in Crossbows
 19834 | Lair:6   | Reached skill level 10 in Throwing
 19834 | Lair:6   | Reached skill level 10 in Unarmed Combat
 19834 | Lair:6   | Reached skill level 10 in Spellcasting
 19834 | Lair:6   | Reached skill level 10 in Evocations
 21361 | D:12     | Found a viscous altar of Jiyva.
 21453 | D:12     | Found a runed translucent gate.
 21453 | D:12     | Found a runed translucent gate.
 21453 | D:12     | Found a runed translucent gate.
 21454 | D:12     | Noticed fly's ghost (journeyman KoHu)
 21484 | D:12     | Found a staircase to the Orcish Mines.
 22074 | D:12     | Killed fly's ghost
 22087 | D:12     | Identified the +11 short sword of Waegoceu {vorpal, *Noise
                  | rC++ Str+4}
 22336 | D:13     | Reached XP level 16. HP: 124/124 MP: 30/30
 22687 | D:13     | Found a runed translucent gate.
 22687 | D:13     | Found a runed translucent gate.
 22687 | D:13     | Found a runed translucent gate.
 22690 | D:13     | Noticed P0WERM0DE's ghost (journeyman TrCK)
 22721 | D:13     | Reached skill level 15 in Shields
 22737 | D:13     | Killed P0WERM0DE's ghost
 22852 | D:13     | Identified the +3 dagger of Fujokiano {drain, *Rage Fly rF-
                  | Dex+9}
 22925 | D:13     | Cast into level 3 of the Abyss (a wizard)
 22998 | Abyss:3  | Noticed a tentacled starspawn
 23029 | Abyss:3  | Killed a tentacled starspawn
 23076 | Abyss:3  | Noticed a tentacled starspawn
 23081 | Abyss:3  | Noticed a hellephant
 23106 | Abyss:3  | Noticed a tentacled starspawn
 23144 | Abyss:3  | Killed a tentacled starspawn
 23170 | D:13     | Escaped the Abyss
 23283 | D:13     | Found a gate to the Vaults.
 23359 | D:13     | You fall into a shaft and drop 1 floor!
 23372 | D:14     | Found a huge runed gate.
 23372 | D:14     | Found a huge runed gate.
 23373 | D:14     | Found a huge runed gate.
 23373 | D:14     | Found a huge runed gate.
 23374 | D:14     | Found a huge runed gate.
 23374 | D:14     | Found a huge runed gate.
 23375 | D:14     | Found a huge runed gate.
 23375 | D:14     | Found a huge runed gate.
 23376 | D:14     | Found a huge runed gate.
 23376 | D:14     | Found a huge runed gate.
 23377 | D:14     | Found a huge runed gate.
 23377 | D:14     | Found a huge runed gate.
 23378 | D:14     | Found a huge runed gate.
 23379 | D:14     | Found a huge runed gate.
 23380 | D:14     | Found a huge runed gate.
 23389 | D:14     | Found a huge runed gate.
 23389 | D:14     | Found a huge runed gate.
 23389 | D:14     | Found a huge runed gate.
 23389 | D:14     | Found a huge runed gate.
 23411 | D:14     | Found a frozen archway.
 23419 | IceCv    | Entered an ice cave
 24197 | IceCv    | Noticed an Ice Fiend
 24220 | IceCv    | Killed an Ice Fiend
 24947 | IceCv    | Identified the +2 pair of boots "Doogutont" {rElec Regen+
                  | Dex+3 Slay+6}
 24964 | IceCv    | Identified the +1 dagger "Worm" {vorpal, Str+4}
 25521 | D:14     | Found a huge runed gate.
 25521 | D:14     | Found a huge runed gate.
 25521 | D:14     | Found a huge runed gate.
 25521 | D:14     | Found a huge runed gate.
 25521 | D:14     | Found a huge runed gate.
 25529 | D:14     | Found a huge runed gate.
 25529 | D:14     | Found a huge runed gate.
 25529 | D:14     | Found a huge runed gate.
 25529 | D:14     | Found a huge runed gate.
 25529 | D:14     | Found a huge runed gate.
 25532 | D:14     | Found a huge runed gate.
 25533 | D:14     | Found a huge runed gate.
 25534 | D:14     | Found a huge runed gate.
 25535 | D:14     | Found a huge runed gate.
 25553 | D:14     | Found a huge runed gate.
 25553 | D:14     | Found a huge runed gate.
 25553 | D:14     | Found a huge runed gate.
 25613 | D:14     | Found a shimmering altar of Xom.
 25619 | D:14     | Found a shimmering altar of Xom.
 25620 | D:14     | Found a shimmering altar of Xom.
 25634 | D:14     | Found a shimmering altar of Xom.
 25686 | D:14     | Found a white marble altar of Elyvilon.
 26154 | D:14     | Noticed raistware's ghost (journeyman HuIE)
 26155 | D:14     | Noticed Tioph's ghost (journeyman DEFE)
 26155 | D:14     | Noticed Seanesix's ghost (journeyman TrFi)
 26155 | D:14     | Noticed Viuvacup's ghost (journeyman GrFi)
 26155 | D:14     | Noticed Atuhevva's ghost (journeyman DEFE)
 26155 | D:14     | Noticed Tioph's ghost (journeyman DEFE)
 26155 | D:14     | Noticed Cyateurch's ghost (journeyman GrEE)
 26156 | D:14     | Noticed a sphinx
 26158 | D:14     | Noticed Jeyness's ghost (adept HOFi)
 26167 | D:14     | Killed Tioph's ghost
 26169 | D:14     | Killed Tioph's ghost
 26182 | D:14     | Killed a sphinx
 26183 | D:14     | Reached XP level 17. HP: 130/133 MP: 23/32
 26186 | D:14     | Killed Cyateurch's ghost
 26190 | D:14     | Killed raistware's ghost
 26199 | D:14     | Killed Jeyness's ghost
 26203 | D:14     | Killed Atuhevva's ghost
 26207 | D:14     | Killed Seanesix's ghost
 26212 | D:14     | Reached skill level 16 in Shields
 26220 | D:14     | Killed Viuvacup's ghost
 26308 | D:15     | Entered Level 15 of the Dungeon
 26432 | D:15     | Noticed Harold
 26515 | D:15     | Noticed Louise
 26529 | D:15     | Killed Harold
 26529 | D:15     | Cast into level 2 of the Abyss (Louise)
 26593 | Abyss:2  | Noticed a tentacled starspawn
 26608 | Abyss:2  | Killed a tentacled starspawn
 26736 | Abyss:2  | Gained mutation: You are partially covered in iridescent
                  | scales. (AC +2) [a neqoxec]
 26737 | Abyss:2  | Gained mutation: You are dopey. (Int -2) [a neqoxec]
 26745 | D:15     | Escaped the Abyss
 26795 | D:15     | Killed Louise
 27153 | D:15     | Found a staircase to the Depths.
 27394 | Shoals:1 | Entered Level 1 of the Shoals
 27540 | Shoals:1 | Noticed Mlioglotl
 27548 | Shoals:1 | Killed Mlioglotl
 27802 | Shoals:1 | You fall into a shaft and drop 1 floor!
 27802 | Shoals:2 | Identified Roxanne's Tome of the Rocks
 27802 | Shoals:2 | Noticed Roxanne
 27824 | Shoals:2 | Reached skill level 10 in Conjurations
 27824 | Shoals:2 | Reached skill level 10 in Hexes
 27824 | Shoals:2 | Reached skill level 10 in Summonings
 27824 | Shoals:2 | Reached skill level 10 in Necromancy
 27824 | Shoals:2 | Reached skill level 10 in Translocations
 27824 | Shoals:2 | Reached skill level 10 in Transmutations
 27824 | Shoals:2 | Reached skill level 10 in Fire Magic
 27824 | Shoals:2 | Reached skill level 10 in Ice Magic
 27824 | Shoals:2 | Reached skill level 10 in Air Magic
 27824 | Shoals:2 | Reached skill level 10 in Earth Magic
 27824 | Shoals:2 | Reached skill level 10 in Poison Magic
 27829 | Shoals:2 | Killed Roxanne
 27921 | Shoals:2 | Found Nila's Overcharged Wands.
 28198 | Shoals:2 | Noticed Ilsuiw
 28247 | Shoals:2 | Killed Ilsuiw
 28659 | Shoals:3 | Reached XP level 18. HP: 144/144 MP: 34/34
 28775 | Shoals:4 | Entered Level 4 of the Shoals
 28862 | Shoals:4 | Noticed Polyphemus
 28876 | Shoals:4 | Reached skill level 17 in Shields
 28910 | Shoals:4 | Your ally Polyphemus died
 29338 | Shoals:4 | Identified the ring of Oenomania {rF+ rC+ MP+9}
 29571 | Shoals:4 | Got a barnacled rune of Zot
 29716 | Shoals:4 | Identified the +4 scimitar of the Skies Above {antimagic,
                  | rElec rN+}
 29972 | Orc:1    | Entered Level 1 of the Orcish Mines
 29979 | Orc:1    | Noticed Jorgrun
 29989 | Orc:1    | Noticed Fannar
 29990 | Orc:1    | Killed Jorgrun
 30008 | Orc:1    | Killed Fannar
 30223 | Orc:2    | Entered Level 2 of the Orcish Mines
 30352 | Orc:2    | Found a staircase to the Elven Halls.
 30400 | Orc:2    | Gained mutation: You are very dopey. (Int -4) [a neqoxec]
 30517 | Orc:2    | Found Geet's General Store.
 30571 | Orc:2    | Bought a potion of heal wounds for 80 gold pieces
 30571 | Orc:2    | Bought a scroll of enchant armour for 120 gold pieces
 30581 | Orc:2    | Paralysed by an orc sorcerer for 7 turns
 30597 | Orc:2    | Found Ygrulel's Antique Armour Shop.
 30621 | Orc:2    | Found Waggos's Book Emporium.
 30792 | Orc:2    | Found Sesum's Antique Weapon Emporium.
 31272 | D:10     | Bought a spiked plate armour for 756 gold pieces
 31272 | D:10     | Identified the +1 plate armour of the Trilobite {+Blink
                  | Fly} (You bought it in a shop on level 10 of the Dungeon)
 31272 | D:10     | Bought a wand of iceblast (4) for 108 gold pieces
 31388 | Orc:2    | Bought an ichor-stained scale mail for 234 gold pieces
 31388 | Orc:2    | Identified the +9 scale mail "Vuedozul" {rC+} (You bought
                  | it in a shop on level 2 of the Orcish Mines)
 31541 | Spider:1 | Entered Level 1 of the Spider Nest
 31901 | Spider:1 | Identified the +7 war axe of Base {distort, rF+}
 32085 | Spider:1 | Reached XP level 19. HP: 153/153 MP: 35/35
 32226 | Spider:1 | Noticed Kirke
 32231 | Spider:1 | Killed Kirke
 32524 | Spider:1 | Noticed Nikola
 32545 | Spider:1 | Killed Nikola
 32546 | Spider:1 | Reached skill level 15 in Fighting
 32546 | Spider:1 | Reached skill level 18 in Shields
 33062 | Spider:2 | Reached skill level 15 in Armour
 35397 | Spider:4 | Entered Level 4 of the Spider Nest
 35501 | Spider:4 | Noticed Arachne
 35555 | Spider:4 | Killed Arachne
 35687 | Spider:4 | Reached XP level 20. HP: 90/161 MP: 0/37
 35962 | Spider:4 | Got a gossamer rune of Zot
 36224 | Spider:4 | Reached skill level 15 in Invocations
 36937 | Elf:1    | Entered Level 1 of the Elven Halls
 36937 | Elf:1    | Found a runed translucent gate.
 36937 | Elf:1    | Found a runed translucent gate.
 36937 | Elf:1    | Found a runed translucent gate.
 36937 | Elf:1    | Found a runed translucent gate.
 36937 | Elf:1    | Found a runed translucent gate.
 36937 | Elf:1    | Found a runed translucent gate.
 36938 | Elf:1    | Found a runed translucent door.
 36948 | Elf:1    | Found a runed translucent door.
 36959 | Elf:1    | Reached skill level 19 in Shields
 37207 | Elf:1    | Found Retzerr's Antique Armour Shoppe.
 37397 | Elf:1    | Found Zucs's Book Boutique.
 37397 | Elf:1    | Found Odarob's Jewellery Shoppe.
 37398 | Elf:1    | Found Arghiapic's Jewellery Shoppe.
 37412 | Elf:1    | Bought a ring of willpower for 350 gold pieces
 37813 | Elf:1    | Paralysed by an air elemental for 1 turns
 38045 | Elf:2    | Identified the +5 kite shield of Egalitarianism {rPois rN+}
 38045 | Elf:2    | Noticed Asterion
 38057 | Elf:2    | Killed Asterion
 38255 | Elf:2    | Learned a level 2 spell: Blink
 38504 | Elf:2    | Found a radiant altar of Vehumet.
 38696 | Elf:2    | Found a runed translucent gate.
 38696 | Elf:2    | Found a runed translucent gate.
 38697 | Elf:2    | Found a runed translucent gate.
 38808 | Elf:2    | Reached XP level 21. HP: 173/173 MP: 39/39
 39208 | Elf:3    | Entered Level 3 of the Elven Halls
 39367 | Elf:3    | Reached skill level 15 in Polearms
 39482 | Elf:3    | Reached skill level 15 in Stealth
 39498 | Elf:3    | Reached skill level 20 in Shields
 39500 | Elf:3    | Killed from afar by a deep elf annihilator

Illustrated notes

Levels and vault maps discovered:
D:1:      minmay_arrival_solitary_statue, layout_basic,
          ebering_ecumenical_altar_webs
D:2:      layout_loops_ring, basic_altar
D:3:      layout_basic, minmay_fractal_squares_diagonal_5
D:4:      layout_basic, minmay_temple_entry_tees, gup_sewer_entry_pipe,
          gammafunk_ghost_icy, chequers_decorated_corner, uniq_blork_the_orc
D:5:      layout_gridville
D:6:      minmay_thinvault, layout_cave_pools
D:7:      layout_cave_pools, nicolae_ossuary_entry_giza
D:8:      layout_rooms
D:9:      layout_rooms, nicolae_qazlal_general_emergency
D:10:     layout_roguey, serial_shops, nicolae_shop_advertising_works
          [nicolae_subvault_shop_adworks], st_stairs_13
D:11:     minmay_diamond_stairs, layout_loops_ring, minmay_lair_entry_grove,
          amcnicky_mini_rare_corridor_liquid, lightli_church_of_beogh
D:12:     layout_long_grid, david_orc_2, gammafunk_ghost_hydra_chop,
          jiyva_altar_1
D:13:     layout_loops_ring, grunt_vaults_entry_tiered,
          gammafunk_ghost_necromancy
D:14:     kennysheep_kobold_grotto, layout_cave_pools, xom_redecorated,
          portal_ice_cave_entry_ugly_swarm, gammafunk_ghost_door_vault,
          elyvilon_altar_1
D:15:     gammafunk_enter_depths_forms, layout_basic, small_statue_alley_a,
          sword_in_stone
Lair:1:   layout_layer_cave, ebering_ghost_disaster_area
Lair:2:   layout_small_grid, nicolae_spider_entry_non_spiders,
          serial_bayou_lagoon_b, infiniplex_staircase_pool, uniq_erica
Lair:3:   gammafunk_mikee_crab_dinner, layout_gridlike,
          chequers_serial_rivers_marsh, amcnicky_mini_pool_medium
Lair:4:   nzn_winding_woodlands_small
          [nzn_winding_woodlands_5x15_river_crossing,
          nzn_winding_woodlands_center_lodge,
          nzn_winding_woodlands_5x15_lazy_stream], layout_regular_city,
          minmay_shoals_entry_lonely_mermaid,
          hellmonk_guarded_unrand_seven_league_boots
Lair:5:   kb_forest_paths, layout_regular_city, lemuel_old_faithful, uniq_urug
Lair:6:   hangedman_lair_in_review, layout_regular_city,
          hangedman_lair_tendril_chambers, slime_altar_1, uniq_josephine
Shoals:1: layout_shoals, uniq_mlioglotl
Shoals:2: layout_shoals, nicolae_shop_overcharged_wands, uniq_roxanne,
          uniq_ilsuiw
Shoals:3: layout_shoals, nicolae_shop_unique_rings
Shoals:4: shoals_end_grunt_ice, layout_shoals, shoal_ilsuiw, uniq_polyphemus
Spider:1: layout_cave_pods, nicolae_spider_circle_web,
          hangedman_spider_tarantella_strand, uniq_kirke, uniq_nikola
Spider:2: layout_spider_delve
Spider:3: layout_chambers, uniq_louise
Spider:4: johnstein_spider_rune_arachne_lair
Orc:1:    layout_caves, uniq_fannar, uniq_jorgrun
Orc:2:    grunt_orc_gardens, layout_caves, grunt_orc_garden, grunt_orc_garden,
          grunt_orc_garden, grunt_orc_garden
Elf:1:    nicolae_elf_arrival_dilemma, layout_gridlike, serial_shops, shop,
          kennysheep_underground_church, grunt_megastairs_1, minmay_shop_grove
Elf:2:    nicolae_elf_blades_splatter_lattice [infiniplex_blade_entry_pillars],
          layout_loops_ring, glass_columns_b, minmay_misc_feat_five,
          nicolae_elf_big_sculpture_2, guppyfry_elf_altar, uniq_asterion
Elf:3:    grunt_elf_hall_branching, layout_geoelf_octagon

Skill      XL: |  1  2  3  4  5  6  7  8  9 10 11 12 13 14 15 16 17 18 19 20 21 |
---------------+----------------------------------------------------------------+-----
Short Blades   | 1 2 3 4 5 6 7 8 9 10 11 12 13 14 | 14.4
Long Blades    | 1 2 3 4 5 6 7 8 9 10 11 12 13 14 | 14.4
Axes           | 1 2 3 4 5 6 7 8 9 10 11 12 13 14 | 14.4
Maces & Flails | 1 2 3 4 5 6 7 8 9 10 11 12 13 14 | 14.4
Staves         | 1 2 3 4 5 6 7 8 9 10 11 12 13 14 | 14.4
Slings         | 1 2 3 4 5 6 7 8 9 10 11 12 13 14 | 14.4
Bows           | 1 2 3 4 5 6 7 8 9 10 11 12 13 14 | 14.4
Crossbows      | 1 2 3 4 5 6 7 8 9 10 11 12 13 14 | 14.4
Throwing       | 1 2 3 4 5 6 7 8 9 10 11 12 13 14 | 14.4
Unarmed Combat | 1 2 3 4 5 6 7 8 9 10 11 12 13 14 | 14.4
Spellcasting   | 1 2 3 4 5 6 7 8 9 10 11 12 13 14 | 14.4
Evocations     | 1 2 3 4 5 6 7 8 9 10 11 12 13 14 | 14.4
Conjurations   | 1 2 3 4 5 6 7 8 9 10 11 12 | 12.3
Hexes          | 1 2 3 4 5 6 7 8 9 10 11 12 | 12.3
Summonings     | 1 2 3 4 5 6 7 8 9 10 11 12 | 12.3
Necromancy     | 1 2 3 4 5 6 7 8 9 10 11 12 | 12.3
Translocations | 1 2 3 4 5 6 7 8 9 10 11 12 | 12.3
Transmutations | 1 2 3 4 5 6 7 8 9 10 11 12 | 12.3
Fire Magic     | 1 2 3 4 5 6 7 8 9 10 11 12 | 12.3
Ice Magic      | 1 2 3 4 5 6 7 8 9 10 11 12 | 12.3
Air Magic      | 1 2 3 4 5 6 7 8 9 10 11 12 | 12.3
Earth Magic    | 1 2 3 4 5 6 7 8 9 10 11 12 | 12.3
Poison Magic   | 1 2 3 4 5 6 7 8 9 10 11 12 | 12.3
Invocations    | 3 4 5 7 8 9 10 11 12 13 14 15 | 15.8
Fighting       | 3 4 5 6 7 8 9 10 12 13 14 15 16 17 | 17.4
Dodging        | 3 4 5 6 7 8 9 10 11 12 13 14 | 14.6
Shields        | 3 4 5 6 7 8 10 11 12 13 14 15 16 17 18 19 20 | 20.0
Polearms       | 5 6 7 8 9 10 11 12 13 14 15 | 15.1
Armour         | 5 6 7 8 9 10 11 12 13 14 15 16 17 | 17.4
Stealth        | 5 6 7 8 9 10 11 12 13 14 15 | 15.0

Action                   |  1- 3 |  4- 6 |  7- 9 | 10-12 | 13-15 | 16-18 | 19-21 || total
-------------------------+-------+-------+-------+-------+-------+-------+-------++-------
Melee: Spear             |   139 |   425 |   543 |       |       |       |       ||  1107
       Bite              |     9 |    37 |    62 |   138 |   226 |   336 |   265 ||  1073
       Dagger            |       |       |    50 |   543 |       |       |       ||   593
       Rapier            |       |       |       |   391 |   294 |       |       ||   685
       Demon blade       |       |       |       |       |   938 |  1598 |  1397 ||  3933
       Short sword       |       |       |       |       |       |   361 |       ||   361
Throw: Dart              |       |     6 |    11 |    25 |     6 |    32 |       ||    80
       Javelin           |       |       |       |       |       |    12 |    15 ||    27
       Boomerang         |       |       |       |       |       |     7 |       ||     7
Invok: Upheaval          |       |     2 |       |     3 |     2 |       |     3 ||    10
       Disaster Area     |       |       |       |       |     1 |     3 |       ||     4
       Elemental Force   |       |       |       |       |       |     1 |       ||     1
Evoke: Wand              |       |       |       |     7 |    11 |    37 |     8 ||    63
  Use: Scroll            |     3 |     5 |     6 |     7 |    15 |    13 |     1 ||    50
       Potion            |       |       |     7 |     5 |     1 |     9 |       ||    22
 Stab: Sleeping          |     4 |       |       |       |       |       |       ||     4
       Held in net/web   |       |       |     1 |       |       |       |       ||     1
       Paralysed         |       |       |       |     3 |       |       |       ||     3
       Invisible         |       |       |       |       |     7 |       |       ||     7
       Petrified         |       |       |       |       |       |     6 |       ||     6
       Petrifying        |       |       |       |       |       |     1 |       ||     1
Armor: Leather armour    |    18 |    14 |       |       |       |       |       ||    32
       Ring mail         |       |    63 |       |       |       |       |       ||    63
       Crystal plate arm |       |    22 |   210 |   472 |  1093 |   822 |   402 ||  3021
Dodge: Dodged            |    40 |    95 |    30 |    76 |   109 |   192 |   133 ||   675
       Repelled          |       |       |     2 |     3 |     1 |     4 |    14 ||    24
Block: Buckler           |    22 |   234 |   378 |   868 |  1030 |   554 |       ||  3086
       Reflection        |       |       |     4 |    15 |     7 |   169 |    80 ||   275
       Tower shield      |       |       |       |       |   597 |  2099 |  2125 ||  4821

Table legend: (Time is in decaauts)
 A = Elapsed time spent in this place.
 B = Non-inter-level travel time spent in this place.
 C = Inter-level travel time spent in this place.
 D = Time resting spent in this place.
 E = Time spent auto-exploring this place.
 F = Levels seen in this place.
 G = Mean time per level.
                   A        B        C        D        E       F      G
               +--------+--------+--------+--------+--------+-----+--------+
         Total |  38866 |  36105 |   2761 |   2609 |  22180 |  39 |  996.6 |
       Dungeon |  15439 |  14099 |   1340 |   1313 |   9028 |  15 | 1029.3 |
          Lair |   8847 |   8153 |    694 |    718 |   5461 |   6 | 1474.5 |
        Shoals |   2634 |   2528 |    106 |     49 |   1271 |   4 |  658.5 |
   Spider Nest |   4796 |   4463 |    333 |    129 |   2839 |   4 | 1199.0 |
  Orcish Mines |   1343 |   1129 |    214 |      0 |    827 |   2 |  671.5 |
   Elven Halls |   2438 |   2368 |     70 |      8 |   1267 |   3 |  812.7 |
         Abyss |    435 |    435 |      0 |      3 |      0 |   2 |  217.5 |
         Sewer |    868 |    868 |      0 |    254 |    325 |   1 |  868.0 |
       Ossuary |    277 |    277 |      0 |      0 |    129 |   1 |  277.0 |
      Ice Cave |   1785 |   1785 |      0 |    135 |   1032 |   1 | 1785.0 |
               +--------+--------+--------+--------+--------+-----+--------+

Top non-repeatable levels by time:
   IceCv: 1785 daAuts
  Lair:4: 1703 daAuts
  Lair:6: 1576 daAuts
    D:12: 1521 daAuts
  Lair:3: 1485 daAuts
  Lair:2: 1459 daAuts
  Lair:1: 1451 daAuts
Spider:3: 1431 daAuts
    D:11: 1402 daAuts
     D:1: 1399 daAuts
     D:4: 1319 daAuts
Spider:4: 1263 daAuts
    D:10: 1238 daAuts
   Elf:2: 1211 daAuts
  Lair:5: 1171 daAuts
